 Dungeon Crawl Stone Soup version 0.28-a0-1429-gf3d713df7a (webtiles) character file.

Game seed: 15830353277362817394

1223 tilp the Frost Mage (level 8, 33/33 HPs)
             Began as a Felid Ice Elementalist on Jan 8, 2022.
             Was a Follower of Vehumet.
             Quit the game on level 7 of the Dungeon.
             The game lasted 00:11:04 (9371 turns).

tilp the Frost Mage (Felid Ice Elementalist)        Turns: 9371, Time: 00:11:05

Health: 33/33      AC:  2    Str:  4    XL:     8   Next: 23%
Magic:  16/16      EV: 19    Int: 21    God:    Vehumet [*.....]
Gold:   270        SH:  0    Dex: 18    Spells: 6/17 levels left
                                        Lives:  1   Deaths: 1

rFire   . . .      SeeInvis +     - Unarmed
rCold   . . .      Faith    .   (shield unavailable)
rNeg    . . .      Spirit   .   (armour unavailable)
rPois   .          Reflect  .   (helmet unavailable)
rElec   .          Harm     .   (cloak unavailable)
rCorr   .          Rampage  .   (gloves unavailable)
Will    +....                   (boots unavailable)
Stlth   +++.......              d - amulet of the acrobat
HPRegen 0.11/turn               j - ring of Generosity {Dex+2 Slay+3 SInv}
MPRegen 0.15/turn               (no ring)

@: quick
A: very small, claws 1, fangs 3, see invisible, speed 1, shaggy fur 2, stealthy
paws, no weapons or thrown items, no armour, multi-lived
a: Renounce Religion


You were on level 7 of the Dungeon.
You worshipped Vehumet.
Vehumet was aware of your devotion.
You visited 2 branches of the dungeon, and saw 8 of its levels.

You collected 270 gold pieces.

Inventory:

Jewellery
 d - an amulet of the acrobat (around neck)
 j - the ring of Generosity (left paw) {Dex+2 Slay+3 SInv}
   (You found it on level 4 of the Dungeon)

   [ring of see invisible]

   Dex:       It affects your dexterity (+2).
   Slay:      It affects your accuracy & damage with ranged weapons and melee
   (+3).
   SInv:      It lets you see invisible.
Wands
 e - a wand of charming (12)
Scrolls
 b - 2 scrolls of fear
 h - a scroll of blinking
Potions
 a - 7 potions of heal wounds
 f - a potion of ambrosia
 g - a potion of haste
 i - a potion of invisibility


   Skills:
 + Level 2.2 Fighting
 + Level 4.2 Dodging
 + Level 6.2 Stealth
 + Level 4.1 Unarmed Combat
 - Level 5.0 Spellcasting
 - Level 4.0 Conjurations
 - Level 8.0 Ice Magic
 + Level 0.8 Evocations


You had 6 spell levels left.
You knew the following spells:

 Your Spells              Type           Power      Damage    Failure   Level
a - Freeze                Ice            100%       1d11      1%          1
b - Frozen Ramparts       Ice            76%        1d9       1%          3
c - Ozocubu's Armour      Ice            38%        N/A       1%          3
d - Hailstorm             Conj/Ice       30%        3d8       9%          4

Your spell library contained the following spells:

 Spells                   Type           Power      Damage    Failure   Level
 Sandblast                Erth           10%        2d5       11%         1
 Animate Skeleton         Necr           10%        N/A       11%         1
 Apportation              Tloc           10%        N/A       11%         1
 Summon Small Mammal      Summ           20%        N/A       11%         1
 Corpse Rot               Necr/Air       10%        N/A       16%         2
 Poisonous Vapours        Pois/Air       10%        N/A       16%         2
 Call Canine Familiar     Summ           5%         N/A       32%         3
 Metabolic Englaciation   Hex/Ice        11%        N/A       50%         5
 Leda's Liquefaction      Hex/Erth       2%         N/A       71%         4
 Summon Lightning Spire   Summ/Air       5%         N/A       71%         4
 Simulacrum               Ice/Necr       11%        N/A       97%         6
 Storm Form               Tmut/Air       2%         N/A       100%        7
 Maxwell's Capacitive Co  Air            2%         ∞         100%        8
 Portal Projectile        Hex/Tloc       Unusable   N/A       N/A         3

Dungeon Overview and Level Annotations

Branches:
Dungeon (7/15)             Temple (1/1) D:6

Altars:
Fedhas
Kikubaaqudgha
Makhleb
Qazlal
Ru
Sif Muna
Vehumet
The Shining One

Shops:
D:6 *

Annotations:
D:3 exclusion: 2 doors
D:7 exclusion: 3 wights


Innate Abilities, Weirdness & Mutations

You have sharp claws.
You have razor-sharp teeth.
You have supernaturally acute eyesight. (SInv)
You cover ground quickly. (Speed+)
You are covered in thick fur. (AC +2)
Your paws help you pounce on unaware monsters.
You are incapable of wielding weapons or throwing items.
You cannot wear armour.
You gain extra lives every three experience levels.


Message History

You scratch the wight but do no damage.
The wight is heavily damaged.
The wight hits you with a +1 long sword.
You scratch the wight. Your bite misses the wight.
The wight is severely damaged.
The wight closely misses you.
You closely miss the wight.
The wight is severely damaged.
The wight closely misses you.
You scratch the wight but do no damage.
The wight is severely damaged.
You scratch the wight but do no damage.
The wight is severely damaged.
The wight hits you with a +1 long sword!
You are too injured to fight recklessly!
You barely miss the wight.
The wight is severely damaged.
The wight hits you with a +1 long sword.
* * * LOW HITPOINT WARNING * * *
You barely miss the wight. You bite the wight, but do no damage.
The wight is severely damaged.
The wight completely misses you.
Unknown command.
You scratch the wight.
The wight is severely damaged.
The wight completely misses you.
Unknown command.
You scratch the wight.
The wight is almost destroyed.
The wight hits you with a +1 long sword!
* * * LOW HITPOINT WARNING * * *
You feel drained.
You die...
You are now level 8!
You rejoin the land of the living...
Unknown command.
Unknown command.
Unknown command.
Unknown command.
Are you sure you want to abandon this character and quit the game? (Confirm with "yes".)

*,,,*
*,,,,,#####.#+#,,,
***,*
#.#,*,+...'.#,,,,, *,*
#.#,###...###**,,, *,*
#.#,#.......#,+,,, *,*
#.#,#+#...#+#,**** *,*
#.#...#...#,,,,,#.
#.####.#.#*##+##,,,,,+.
#........#*,,,,*,,,,,#.
*****#@#***,,***+*,**##
#.# *,,***,*,+,,,
#.#***,,**,,***,,,
#..,,,,,,>,**,,,,,
###****,**,,*+*,,,
*,***,,,*,,, **,*
*,****+* *,,* *,**,,,,
*,** *,**,**,


There were no monsters in sight!

Vanquished Creatures
  Grinder (D:4)
  2 steam dragons (D:6)
  3 water moccasins (D:6)
  A sky beast (D:7)
  An orc warrior (D:7)
  2 ice beasts
  An ogre (D:5)
  A necrophage (D:6)
  A centaur (D:6)
  A scorpion (D:4)
  2 vampire bats (D:3)
  A howler monkey (D:5)
  A jelly (D:3)
  4 hounds
  3 orc priests
  A bullfrog skeleton (D:5)
  2 iguanas (D:5)
  Natasha (thrice) (D:2)
  10 orc wizards
  8 gnolls
  2 adders
  A shadow imp (D:6)
  2 white imps (D:7)
  An ufetubus (D:7)
  2 worms
  14 orcs
  5 endoplasms
  A giant cockroach (D:3)
  7 goblins
  7 hobgoblins
  A jackal (D:1)
  6 quokkas
  12 ball pythons
  10 bats
  7 frilled lizards
  9 kobolds
  3 rats (D:1)
139 creatures vanquished.

Vanquished Creatures (others)
  A withered plant (D:6)
1 creature vanquished.

Grand Total: 140 creatures vanquished

Notes
Turn   | Place    | Note
-------+----------+-------------------------------------------
     0 | D:1      | tilp the Felid Ice Elementalist began the quest for the
                  | Orb.
     0 | D:1      | Reached XP level 1. HP: 7/7 MP: 4/4
   488 | D:1      | Found a faded altar of an unknown god.
   545 | D:1      | Reached XP level 2. HP: 11/11 MP: 4/6
   808 | D:1      | Reached skill level 4 in Ice Magic
  1055 | D:1      | Reached XP level 3. HP: 11/14 MP: 4/7
  1065 | D:1      | Learned a level 3 spell: Frozen Ramparts
  2241 | D:2      | Noticed Natasha
  2253 | D:2      | Killed Natasha
  2254 | D:2      | Reached XP level 4. HP: 1/18 MP: 0/9
  2578 | D:2      | Noticed Natasha
  2583 | D:2      | Killed Natasha
  2584 | D:2      | Reached skill level 5 in Ice Magic
  2644 | D:2      | Noticed Natasha
  2655 | D:2      | Killed Natasha
  2656 | D:2      | Reached XP level 5. HP: 11/21 MP: 0/10
  3918 | D:3      | Learned a level 3 spell: Ozocubu's Armour
  4032 | D:3      | Reached skill level 6 in Ice Magic
  4228 | D:3      | Gained mutation: You are covered in thick fur. (AC +2)
                  | [Felid growth]
  4228 | D:3      | Reached XP level 6. HP: 23/25 MP: 8/11
  4234 | D:3      | Learned a level 4 spell: Hailstorm
  4540 | D:4      | Reached skill level 1 in Fighting
  4540 | D:4      | Reached skill level 1 in Unarmed Combat
  5038 | D:4      | Identified the ring of Generosity {Dex+2 Slay+3 SInv}
  5331 | D:4      | Found a faded altar of an unknown god.
  5331 | D:4      | Found a radiant altar of Vehumet.
  5339 | D:4      | Found a shimmering blue altar of Sif Muna.
  5341 | D:4      | Found a faded altar of an unknown god.
  5343 | D:4      | Found a sacrificial altar of Ru.
  5366 | D:4      | Noticed Grinder
  5374 | D:4      | Paralysed by Grinder for 6 turns
  5390 | D:4      | Killed Grinder
  5391 | D:4      | Reached skill level 5 in Stealth
  5391 | D:4      | Reached XP level 7. HP: 30/30 MP: 7/12
  5513 | D:4      | Found a burning altar of Makhleb.
  5698 | D:4      | Became a worshipper of Vehumet
  5980 | D:5      | Entered Level 5 of the Dungeon
  6264 | D:5      | Found a stormy altar of Qazlal.
  6768 | D:5      | You fall into a shaft and drop 2 floors!
  6797 | D:7      | Reached skill level 1 in Conjurations
  6919 | D:6      | Found a staircase to the Ecumenical Temple.
  6924 | Temple   | Entered the Ecumenical Temple
  6988 | D:6      | Found Fuqoruoxor's Overcharged Wands.
  7010 | D:6      | Reached XP level 8. HP: 33/33 MP: 1/14
  7011 | D:6      | Reached * piety under Vehumet
  7011 | D:6      | Offered knowledge of Sandblast by Vehumet.
  7958 | D:6      | Reached skill level 7 in Ice Magic
  8061 | D:6      | Found an ancient bone altar of Kikubaaqudgha.
  8061 | D:6      | Found a blossoming altar of Fedhas.
  8402 | D:6      | Reached skill level 5 in Spellcasting
  8403 | D:6      | Reached XP level 9. HP: 36/36 MP: 10/17
  9276 | D:7      | Reached skill level 8 in Ice Magic
  9370 | D:7      | Slain by a wight
  9371 | D:7      | Reached XP level 8. HP: 0/31 MP: 14/16
  9371 | D:7      | Quit the game

Illustrated notes

Levels and vault maps discovered:
D:1:      wander_arrival_abandoned_jail, layout_loops_ring,
          dreamdust_ecumenical_altar_statues, st_stairs_2,
          minmay_misc_feat_tower, minmay_split_cup_large
D:2:      layout_basic, uniq_natasha
D:3:      minmay_goblin_kobold_castle, layout_basic, roderic_batcave,
          hangedman_abyss_or_decor_lesser_grid
D:4:      layout_basic, chequers_temple_overflow_minitemple,
          makhleb_heckhound_becter, uniq_grinder
D:5:      layout_basic, lemuel_crystal_altar, minmay_misc_feat_secret_circle
D:6:      layout_basic, grunt_temple_overflow_growth_and_decay, temple_doors_ab,
          nicolae_shop_overcharged_wands
D:7:      nicolae_cairo_tiling_large, layout_loops_ring,
          uniq_crazy_yiuf_cottage, uniq_pikel
Temple:   eino_wide_crystal_templ

Skill      XL: |  1  2  3  4  5  6  7  8  9 |
---------------+----------------------------+-----
Ice Magic      | 4 5 6 7 8 |  8.0
Spellcasting   | 3 5 |  5.0
Dodging        | 3 4 |  4.2
Stealth        | 3 5 6 |  6.2
Fighting       | 2 |  2.2
Unarmed Combat | 2 4 |  4.1
Conjurations   | 1 4 |  4.0
Evocations     | |  0.8

Action                   |  1- 3 |  4- 6 |  7- 9 || total
-------------------------+-------+-------+-------++-------
Melee: Unarmed           |    17 |    26 |    98 ||   141
       Bite              |     1 |     2 |    11 ||    14
       Punch             |       |       |     1 ||     1
 Cast: Freeze            |    50 |    44 |    23 ||   117
       Frozen Ramparts   |     3 |    11 |    19 ||    33
       Ozocubu's Armour  |       |     4 |    17 ||    21
  Use: Scroll            |     4 |     4 |     6 ||    14
       Potion            |       |     1 |       ||     1
 Stab: Sleeping          |     7 |     4 |     8 ||    19
Armor: Skin              |     3 |     8 |    17 ||    28
Dodge: Dodged            |    42 |    44 |    71 ||   157

Table legend: (Time is in decaauts)
 A = Elapsed time spent in this place.
 B = Non-inter-level travel time spent in this place.
 C = Inter-level travel time spent in this place.
 D = Time resting spent in this place.
 E = Time spent auto-exploring this place.
 F = Levels seen in this place.
 G = Mean time per level.
                   A        B        C        D        E       F      G
               +--------+--------+--------+--------+--------+-----+--------+
         Total |   8451 |   8210 |    241 |   2104 |   5007 |   8 | 1056.4 |
       Dungeon |   8449 |   8208 |    241 |   2104 |   5007 |   7 | 1207.0 |
        Temple |      1 |      1 |      0 |      0 |      0 |   1 |    1.0 |
               +--------+--------+--------+--------+--------+-----+--------+

Top non-repeatable levels by time:
     D:6: 1742 daAuts
     D:2: 1573 daAuts
     D:1: 1438 daAuts
     D:3: 1220 daAuts
     D:4: 1125 daAuts
     D:5: 1041 daAuts
     D:7: 307 daAuts
  Temple: 1 daAuts
